 Dungeon Crawl Stone Soup version 0.20.0 (webtiles) character file.

3280 BarneyGumball the Unseen (level 9, 0/61 HPs)
             Began as a Vampire Gladiator on June 3, 2017.
             Was a Follower of Yredelemnul.
             Succumbed to a hornet's poison
             ... on level 8 of the Dungeon.
             The game lasted 00:56:42 (13832 turns).

BarneyGumball the Unseen (Vampire Gladiator)       Turns: 13832, Time: 00:56:43

Health: 0/61       AC:  5    Str: 18    XL:     9   Next: 69%
Magic:  10/10      EV: 13    Int: 10    God:    Yredelemnul [*.....]
Gold:   562        SH:  0    Dex: 16    Spells: 8/8 levels left

rFire    . . .     SeeInvis +   a - +1 long sword
rCold    . . .     Gourm    .   (no shield)
rNeg     + . .     Faith    .   y - +0 leather armour
rPois    .         Spirit   .   c - +0 helmet
rElec    .         Reflect  .   m - +0 cloak
rCorr    .         Harm     .   (no gloves)
MR       .....                  (no boots)
Stlth    ++++++....             (no amulet)
Regen    0.2/turn               k - +2 ring of strength
MPRegen  0.2/turn               (no ring)

@: lethally poisoned (0 -> -7), slowed, very slow
A: fangs 3, see invisible, unbreathing
a: Bat Form, Animate Remains, Renounce Religion


You were on level 8 of the Dungeon.
You worshipped Yredelemnul.
Yredelemnul was aware of your devotion.
You were not thirsty.

You visited 2 branches of the dungeon, and saw 9 of its levels.
You also visited: Sewer.

You collected 562 gold pieces.

Inventory:

Hand Weapons
 a - a +1 long sword (weapon)
 b - a +0 short sword of draining
Missiles
 d - 3 throwing nets (quivered)
Armour
 c - a +0 helmet (worn)
 m - a +0 cloak (worn)
 y - a +0 leather armour (worn)
Jewellery
 k - a +2 ring of strength (left hand)
Wands
 v - a wand of random effects (24/48)
Scrolls
 e - a scroll of vulnerability {unknown}
 g - 4 scrolls of enchant armour
 i - 4 scrolls of remove curse
 j - 3 scrolls of identify
 l - 2 scrolls of recharging
 s - 2 scrolls of teleportation
 A - a scroll of enchant weapon
Potions
 f - a potion of agility {unknown}
 h - 6 potions of curing
 n - 2 potions of lignification
 o - 6 potions of blood
 p - a potion of brilliance {unknown}
 q - 3 potions of ambrosia {unknown}
 r - a potion of haste
 t - 4 potions of flight
 u - 2 potions of mutation {unknown}
 w - a potion of heal wounds
 z - a potion of magic {unknown}
Books
 x - a book of Frost

   Spells                             Type                      Level
   a - Freeze                         Ice                          1
   b - Throw Frost                    Conjuration/Ice              2
   c - Ozocubu's Armour               Charms/Ice                   3
   d - Throw Icicle                   Conjuration/Ice              4
   e - Summon Ice Beast               Ice/Summoning                4


   Skills:
 - Level 1.7 Fighting
 * Level 8.5 Long Blades
 - Level 1.5 Throwing
 - Level 3.2 Dodging
 + Level 15.8 Stealth
 + Level 1.7 Invocations


You had 8 spell levels left.
You didn't know any spells.

Dungeon Overview and Level Annotations

Branches:
Dungeon (8/15)             Temple (1/1) D:6
   Lair: D:8-11

Altars:
Ashenzari
Cheibriados
Dithmenos
Elyvilon
Fedhas
Gozag
Hepliaklqana
Kikubaaqudgha
Makhleb
Nemelex Xobeh
Okawaru
Ru
Sif Muna
Trog
Uskayaw
Vehumet
Xom
Yredelemnul
Zin
The Shining One

Annotations:
D:3 exclusion: leopard gecko, Gridlocked's ghost, amateur KoCK; Grinder
D:5 Edmund; Sigmund
D:6 Caerwyn's ghost, novice DsVM
D:7 exclusion: ice beast


Innate Abilities, Weirdness & Mutations

You have razor-sharp teeth.
You have supernaturally acute eyesight. (SInv)
You can survive without breathing.


Message History

You feel as though you will be slow longer.
You feel better.
The hornet stings you but does no damage.
The hornet stings you.
You suddenly lose the ability to move!
The hornet stings you!
* * * LOW HITPOINT WARNING * * *
You are poisoned.
You feel as though you will be slow longer.
The hornet stings you!
* * * LOW HITPOINT WARNING * * *
You feel as though you will be slow longer.
You can move again.
Throwing (i - inventory):
d - 4 throwing nets (quivered)
Press: ? - help, Shift-Dir - straight line, f - hornet
Aim: a hornet (moderately wounded)
You throw a throwing net. The throwing net hits the hornet.
The hornet is caught in the net!
The hornet is moderately wounded.
You die...
Yredelemnul claims you as an undead slave.

....#..........# .........
..#.########..## .........
.##.### ##.## .........
......# #..# .........
#.#.#.# ##.## .......##
†.#.#.# ####..# ..... ....#.#
#...#.## ... ....#.# #..(#..#
#......... #...#.# #..(##@#
#.....%... #...#.#
#...##y###......... #...#.#
#..)##..##......... #...#.#
#...###.##......... #...#.#
#...# #..#.........
#...#.#####...####.#.........
#.........'...'.##...y.......
#####.#####...#.###..........
......# #...#.# #.!....$...


You could see a hornet (caught).

Vanquished Creatures
  Eustachio (D:4)
  2 hungry ghosts (D:7)
  An ice beast (D:6)
  A sky beast (D:8)
  A necrophage (D:6)
  A phantom (D:4)
  An ogre (D:5)
  3 centaurs
  2 big kobolds
  3 bullfrogs
  2 scorpions
  3 howler monkeys
  5 crimson imps
  4 hounds
  A centaur skeleton (D:4)
  2 centaur zombies
  An orc priest (D:6)
  2 orc wizards
  3 gnoll shamans
  A jelly (D:5)
  Jessica (D:3)
  5 iguanas
  9 worker ants
  A worker ant zombie (D:7)
  Robin (D:3)
  32 gnolls
  3 river rats
  13 adders
  4 shadow imps
  4 worms
  2 dart slugs (D:2)
  6 leopard geckos
  10 orcs
  9 bats
  8 giant cockroaches
  13 goblins
  14 hobgoblins
  32 jackals
  3 ball pythons
  4 frilled lizards
  18 kobolds
  A leopard gecko skeleton (D:4)
  18 rats
251 creatures vanquished.

Notes
Turn   | Place    | Note
-------+----------+-------------------------------------------
     0 | D:1      | BarneyGumball the Vampire Gladiator began the quest for the Orb.
     0 | D:1      | Reached XP level 1. HP: 16/16 MP: 1/1
    86 | D:1      | Reached skill level 1 in Stealth
   126 | D:1      | Reached XP level 2. HP: 14/22 MP: 2/2
   347 | D:1      | Reached skill level 2 in Stealth
   501 | D:1      | Found a sparkling altar of Nemelex Xobeh.
  1244 | D:2      | Reached XP level 3. HP: 27/27 MP: 3/3
  1248 | D:2      | Reached skill level 3 in Stealth
  1480 | D:2      | Reached skill level 4 in Stealth
  1711 | D:3      | Reached XP level 4. HP: 26/33 MP: 4/4
  1924 | D:3      | Reached skill level 5 in Stealth
  2213 | D:3      | Reached XP level 5. HP: 33/38 MP: 5/5
  2489 | D:3      | Noticed Jessica
  2497 | D:3      | Killed Jessica
  2497 | D:3      | Reached skill level 6 in Stealth
  2498 | D:3      | Noticed Grinder
  2884 | D:3      | Noticed Robin
  3063 | D:3      | Killed Robin
  3089 | D:3      | Noticed a moth of wrath
  3092 | D:3      | Found a bloodstained altar of Trog.
  3391 | D:4      | Found a glowing silver altar of Zin.
  3391 | D:4      | Found a hide-covered altar of Uskayaw.
  3392 | D:4      | Found a bloodstained altar of Trog.
  3393 | D:4      | Found a basalt altar of Yredelemnul.
  3394 | D:4      | Noticed a phantom
  3460 | D:4      | Reached skill level 7 in Stealth
  3460 | D:4      | Reached XP level 6. HP: 36/44 MP: 6/6
  3782 | D:4      | Found a glowing drain.
  3788 | Sewer    | Entered a sewer
  3803 | Sewer    | Reached skill level 8 in Stealth
  4104 | Sewer    | Reached skill level 5 in Long Blades
  4178 | Sewer    | Found a glowing silver altar of Zin.
  4455 | D:4      | Noticed Eustachio
  4508 | D:4      | Reached skill level 9 in Stealth
  4571 | D:4      | Reached XP level 7. HP: 47/49 MP: 7/7
  4607 | D:4      | You fall through a shaft!
  4607 | D:5      | Entered Level 5 of the Dungeon
  5301 | D:5      | Reached skill level 10 in Stealth
  5385 | D:3      | Noticed Gridlocked's ghost (amateur KoCK)
  5788 | D:5      | Noticed Sigmund
  6040 | D:6      | Noticed Edmund
  7051 | D:6      | Noticed Caerwyn's ghost (novice DsVM)
  7121 | D:6      | Reached skill level 11 in Stealth
  7352 | D:6      | Reached XP level 8. HP: 53/55 MP: 8/8
  7854 | D:6      | Found a staircase to the Ecumenical Temple.
  8080 | D:5      | Reached skill level 12 in Stealth
  9431 | D:7      | Reached skill level 13 in Stealth
 10168 | Temple   | Entered the Ecumenical Temple
 10470 | D:4      | Became a worshipper of Yredelemnul the Dark
 10705 | D:4      | Killed Eustachio
 10705 | D:4      | Reached skill level 14 in Stealth
 10705 | D:4      | Reached XP level 9. HP: 55/61 MP: 9/9
 11657 | D:5      | Reached skill level 15 in Stealth
 12108 | D:5      | Reached * piety under Yredelemnul
 13445 | D:8      | Reached skill level 1 in Invocations
 13830 | D:8      | Paralysed by a hornet for 2 turns
 13831 | D:8      | HP: 2/61 [hornet (11)]
 13832 | D:8      | Succumbed to a hornet's poison

Skill      XL: |  1  2  3  4  5  6  7  8  9 |
---------------+----------------------------+-----
Stealth        | 1 2 4 5 7 9 11 14 15 | 15.8
Long Blades    | 4 5 6 7 8 |  8.5
Invocations    | 1 |  1.7
Fighting       | |  1.7
Throwing       | |  1.5
Dodging        | |  3.2

Action                   |  1- 3 |  4- 6 |  7- 9 || total
-------------------------+-------+-------+-------++-------
Melee: Long sword        |   107 |   214 |   621 ||   942
       Bite              |     7 |    26 |    94 ||   127
       Short sword       |       |       |    27 ||    27
Throw: Throwing net      |       |       |     1 ||     1
Invok: Animate Remains   |       |       |     1 ||     1
 Abil: End Transformatio |       |       |     4 ||     4
       Bat Form          |       |       |     4 ||     4
  Use: Potion            |     2 |     7 |    26 ||    35
       Scroll            |       |     6 |     9 ||    15
 Stab: Sleeping          |     4 |     6 |    18 ||    28
       Distracted        |       |     1 |     3 ||     4
  Eat: Corpse            |     1 |     3 |    11 ||    15
Armor: Leather armour    |    31 |    46 |   130 ||   207
       Skin              |       |       |    14 ||    14
Dodge: Dodged            |    90 |   127 |   385 ||   602
       Rpst.: Long sword |    37 |    31 |    91 ||   159
